 Dungeon Crawl Stone Soup version 0.19.0-2-gae57169 (webtiles) character file.

163 emikaela the Ducker (level 5, -4/32 HPs)
             Began as an Octopode Warper on Nov 4, 2016.
             Was an Initiate of Hepliaklqana.
             Killed from afar by an orc wizard (7 damage)
             ... with a magic dart
             ... on level 4 of the Dungeon.
             The game lasted 00:16:15 (3505 turns).

emikaela the Ducker (Octopode Warper)               Turns: 3505, Time: 00:16:16

Health: -4/32      AC:  1    Str: 10    XL:     5   Next: 44%
Magic:  15/17      EV: 14    Int: 15    God:    Hepliaklqana [......]
Gold:   204        SH:  0    Dex: 13    Spells: 3 memorised, 1 level left

rFire  . . .     SeeInvis .     k - +3 dagger (speed)
rCold  . . .     Gourm    .     (no shield)
rNeg   . . .     Faith    .     (helmet restricted)
rPois  .         Spirit   .     l - amulet of rage
rElec  .         Reflect  .     e - +4 ring of slaying
rCorr  .         Harm     .     A - ring of magical power
MR     .....                    m - ring of stealth
Stlth  ++++......               (no ring)
                                (no ring)
                                (no ring)
                                (no ring)
                                (no ring)

@: shrouded
A: almost no armour, stealthy swim, amphibious, 8 rings, constrict 8, reduced
essence, camouflage 1, gelatinous body 1
a: Recall Ancestor, Ancestor Identity, Renounce Religion, Evoke Berserk Rage


You were on level 4 of the Dungeon.
You worshipped Hepliaklqana.
Hepliaklqana was noncommittal.
You were not hungry.

You visited 2 branches of the dungeon, and saw 5 of its levels.

You collected 204 gold pieces.

Inventory:

Hand Weapons
 k - a +3 dagger of speed (weapon)
 n - a +0 hunting sling
 z - a +0 short sword of electrocution
Missiles
 d - 5 tomahawks of dispersal
 i - 111 stones (quivered)
 o - 46 poisoned needles
 p - 45 arrows
 r - 25 sling bullets
 s - 4 javelins
 y - 2 tomahawks of returning
Jewellery
 e - a +4 ring of slaying (left tentacle)
 l - an amulet of rage (around mantle)
 m - a ring of stealth (on tentacle)
 A - a ring of magical power (right tentacle)
Wands
 v - a wand of confusion (22/48)
Scrolls
 c - 3 scrolls of blinking
 u - a scroll of fog
 w - 2 scrolls of remove curse
Potions
 a - a potion of ambrosia
 g - a potion of cancellation
 t - 2 potions of curing {unknown}
 x - a potion of berserk rage
Books
 b - a book of Spatial Translocations
Comestibles
 f - 2 bread rations
 h - 2 meat rations
 q - 3 fruits


   Skills:
 + Level 3.4 Fighting
   Level 2.1 Long Blades
 - Level 1.0 Throwing
 + Level 3.6 Dodging
 + Level 2.6 Stealth
 - Level 2.0 Spellcasting
 - Level 2.0 Charms
 - Level 3.0 Translocations


You had one spell level left.
You knew the following spells:

 Your Spells              Type           Power        Failure   Level  Hunger
a - Teleport Other        Tloc           ##......     21%         3    ###....
b - Blink                 Tloc           N/A          12%         2    ###....
c - Shroud of Golubria    Chrm/Tloc      #.........   12%         2    ###....


Dungeon Overview and Level Annotations

Branches:
Dungeon (4/15)             Temple (1/1) D:4

Altars:
Ashenzari
Cheibriados
Dithmenos
Elyvilon
Fedhas
Gozag
Hepliaklqana
Kikubaaqudgha
Makhleb
Nemelex Xobeh
Okawaru
Qazlal
Ru
Sif Muna
Trog
Uskayaw
Vehumet
Xom
Yredelemnul
Zin
The Shining One


Innate Abilities, Weirdness & Mutations

You cannot wear most types of armour.
You are very stealthy in the water. (Stealth+)
You are amphibious.
You can wear up to eight rings at the same time.
You can use your tentacles to constrict eight enemies at once.
Your skin changes colour to match your surroundings (Stealth+).
Your rubbery body absorbs attacks. (AC +1, EV +1)
Your life essence is reduced. (-10% HP)


Message History

Your magical contamination has completely faded away.
There are monsters nearby!
The orc wizard casts a spell at you. The magic dart hits you!
The orc wizard mumbles some strange words.
The orc wizard casts a spell at you. The magic dart hits you!
The orc wizard is no longer moving quickly.
Casting: Shroud of Golubria
Confirm with . or Enter, or press ? or * to list all spells.
Space distorts slightly along a thin shroud covering your body.
The orc wizard casts a spell.
The orc wizard blinks!
The orc wizard casts a spell at you. The magic dart hits you!
* * * LOW HITPOINT WARNING * * *
Okay, then.
The orc wizard points at you and mumbles some strange words.
The magic dart hits you!
You die...

#...##..# #..# #.......#
#..# #...##..#
#..######.# ##<###..#
#.......... ######.#
#..# #.#######.#
.......# #..#
#.######... ########
#..# #.#.......#
#..######.#.####.##
#......@.......#.#######
##.######.####o#........
#.........O.....#######
########.####.#.#
#.....# #...# #.#####
##### #.# #.# #.#


You could see an ogre and an orc wizard.

Vanquished Creatures
  A bullfrog skeleton (D:4)
  7 adders
  2 worms
  A dart slug (D:1)
  5 leopard geckos
  3 orcs (D:4)
  4 bats
  3 giant cockroaches (D:3)
  2 goblins
  9 hobgoblins
  8 jackals (D:1)
  A quokka (D:3)
  A ball python (D:3)
  3 frilled lizards
  4 kobolds
  5 rats
59 creatures vanquished.

Vanquished Creatures (others)
  An ancestor (D:4)
1 creature vanquished.

Grand Total: 60 creatures vanquished

Notes
Turn   | Place    | Note
-------+----------+-------------------------------------------
     0 | D:1      | emikaela the Octopode Warper began the quest for the Orb.
     0 | D:1      | Reached XP level 1. HP: 14/14 MP: 3/3
   312 | D:1      | Reached XP level 2. HP: 17/20 MP: 5/5
   321 | D:1      | Learned a level 2 spell: Shroud of Golubria
   324 | D:1      | Learned a level 2 spell: Blink
   913 | D:1      | Reached XP level 3. HP: 25/25 MP: 3/6
  1220 | D:2      | Reached skill level 1 in Charms
  1827 | D:2      | Reached skill level 1 in Stealth
  1827 | D:2      | Reached XP level 4. HP: 31/31 MP: 7/7
  1984 | D:2      | Learned a level 3 spell: Teleport Other
  2813 | D:4      | Reached XP level 5. HP: 36/36 MP: 5/8
  2854 | D:4      | Found a staircase to the Ecumenical Temple.
  2859 | Temple   | Entered the Ecumenical Temple
  2900 | Temple   | Became a worshipper of Hepliaklqana the Forgotten
  3470 | D:4      | Noticed an ogre
  3505 | D:4      | Killed from afar by an orc wizard

Skill      XL: |  1  2  3  4  5 |
---------------+----------------+-----
Dodging        | 3 |  3.6
Charms         | 1 2 |  2.0
Fighting       | 3 |  3.4
Stealth        | 1 2 |  2.6
Long Blades    | |  2.1
Throwing       | |  1.0
Spellcasting   | |  2.0
Translocations | |  3.0

Action                   |  1- 3 |  4- 6 || total
-------------------------+-------+-------++-------
Melee: Falchion          |    43 |       ||    43
       Constrict         |    17 |    11 ||    28
       Tentacles         |     7 |     6 ||    13
       Dagger            |    20 |    49 ||    69
Throw: Stone             |       |     4 ||     4
 Cast: Shroud of Golubri |     8 |    10 ||    18
  Use: Scroll            |     7 |     3 ||    10
 Stab: Sleeping          |     5 |     8 ||    13
       Distracted        |     1 |       ||     1
  Eat: Chunk             |     3 |     6 ||     9
Armor: Skin              |     2 |     3 ||     5
Dodge: Dodged            |    24 |    27 ||    51
       Rpst.: Falchion   |     2 |       ||     2
